Map: Orbital Shipyard

Players

Soundwave - Winner!

  • Race: Zerg Zerg

A.I. 1 (Easy)

  • Race: Terran Terran

VOD

Have the link to the VOD?

Description

Time

  • Played on: Nov. 15, 2015, 3:22 a.m.
  • Length: 18:04
Show
View Real Time Build Order
Export as new Build Order

Soundwave Zerg - Winner!

Build Orders: Hatch First 

Get SALT Encoding   

  12  0:14  Drone  
  12  0:15  Drone  
  12  0:20  Overlord  
  14  0:39  Drone x2  
  16  0:54  Drone  
  17  1:06  Drone  
  17  1:09  Hatchery  
  17  1:12  Spawning Pool  
  17  1:14  Drone  
  17  1:21  Drone  
  18  1:47  Drone  
  18  1:48  Drone  
  20  1:54  Overlord  
  20  2:07  Extractor  
  19  2:10  Drone  
  20  2:16  Drone  
  21  2:26  Extractor  
  21  2:27  Drone x2  
  22  2:41  Drone x2  
  22  2:42  Queen  
  22  2:44  Queen  
  26  2:46  Overlord x2  
  28  3:02  Drone  
  28  3:03  Drone  
  30  3:10  Drone x2  
  32  3:18  Drone x2, Queen  
  32  3:19  Queen  
  38  3:36  Drone x3  
  41  3:44  Roach Warren  
  41  3:46  Drone  
  41  3:58  Spine Crawler  
  41  4:01  Spine Crawler  
  39  4:38  Drone x4  
  41  4:39  Drone  
  44  4:51  Lair  
  44  4:59  Evolution Chamber  
  43  5:01  Evolution Chamber  
  43  5:02  Drone x6  
  43  5:06  Extractor  
  47  5:09  Extractor  
  46  5:17  Drone x2  
  46  5:18  Drone  
  46  5:19  Drone x3  
  52  5:22  Overlord x2  
  52  5:41  Drone  
  53  5:44  Zergling x4  
  55  5:53  Drone  
  55  5:54  Drone x2  
  55  5:55  Drone  
  58  6:26  Zergling x6  
  58  6:27  Zergling x6  
  64  6:57  Hydralisk Den  
  64  7:00  Spire  
  62  7:07  Hydralisk Den  
  60  7:10  Overlord  
  60  7:11  Overlord x4  
  60  7:16  Zerg Melee Weapons Level 1  
  60  7:17  Zerg Missile Weapons Level 1  
  60  7:21  Overseer  
  60  7:38  Muscular Augments  
  60  7:40  Glial Reconstitution  
  60  7:46  Hydralisk x4  
  60  7:47  Hydralisk x3  
  74  7:54  Hatchery  
  73  8:24  Corruptor x3  
  73  8:25  Corruptor x7  
  93  8:44  Drone  
  93  8:46  Queen x2  
  98  8:51  Drone x2  
  98  8:52  Drone x5  
  105  8:58  Tunneling Claws  
  105  9:08  Hydralisk  
  105  9:09  Hydralisk x3  
  113  9:21  Drone  
  113  9:23  Overlord x3  
  114  9:41  Queen x3  
  120  9:53  Zerg Melee Weapons Level 2  
  120  10:03  Corruptor  
  120  10:04  Corruptor x2  
  120  10:06  Roach x6  
  138  10:22  Overlord x2  
  138  10:23  Overlord x5  
  138  10:24  Overlord  
  137  11:10  Zergling x2  
  137  11:11  Zergling x14  
  142  11:12  Zergling x14  
  152  11:45  Hatchery  
  151  12:03  Infestation Pit  
  150  12:09  Zerg Missile Weapons Level 2  
  150  12:19  Extractor  
  150  12:21  Extractor  
  148  12:56  Zerg Ground Armor Level 1  
  148  13:04  Hive  
  148  13:07  Burrow  
  148  13:15  Queen  
  150  13:41  Spore Crawler, Spine Crawler  
  150  13:44  Spore Crawler  
  147  14:28  Metabolic Boost  
  147  14:31  Zerg Melee Weapons Level 3  
  147  14:37  Lurker Den  
  147  14:48  Ultralisk Cavern  
  147  14:50  Zerg Missile Weapons Level 3  
  188  15:46  Ultralisk  
  188  15:48  Zergling x4  
  188  15:49  Zergling x6  
Show
View Real Time Build Order
Export as new Build Order

A.I. 1 (Easy) Terran 

Build Orders:  

Get SALT Encoding   

  12  0:00  SCV  
  13  0:13  SCV  
  14  0:19  Supply Depot  
  14  0:25  SCV  
  15  0:41  SCV  
  16  0:44  Refinery  
  16  0:46  Barracks  
  16  1:09  Supply Depot  
  16  1:20  Refinery  
  16  1:33  Marine  
  16  1:35  Orbital Command  
  17  1:52  Barracks Tech Lab  
  17  2:01  SCV  
  18  2:10  Marine  
  18  2:13  SCV  
  18  2:15  Supply Depot  
  20  2:25  SCV  
  20  2:28  Marine  
  22  2:37  SCV  
  23  2:46  Marauder  
  23  2:49  SCV  
  26  3:01  SCV  
  27  3:07  Marauder  
  29  5:21  Reaper  
  29  5:22  SCV  
  29  5:23  Supply Depot  
  29  5:26  Factory  
  29  5:28  Command Center  
  31  5:45  SCV  
  31  5:49  Supply Depot  
  32  5:53  Reaper  
  33  5:57  SCV  
  31  6:13  Starport  
  27  6:26  Marauder  
  29  6:40  SCV  
  29  6:44  SCV  
  29  6:46  Marine  
  31  6:47  Refinery  
  31  6:49  Refinery  
  31  6:51  Starport Tech Lab  
  31  6:52  SCV  
  33  6:57  SCV  
  34  7:04  SCV, Marine  
  36  7:09  SCV, Raven  
  39  7:16  SCV  
  39  7:21  SCV  
  39  7:22  Marine  
  42  7:29  SCV  
  43  7:33  SCV  
  44  7:40  Marine  
  44  7:41  SCV  
  46  7:45  SCV  
  47  7:51  Raven  
  47  7:53  SCV  
  47  7:57  SCV  
  53  7:58  Marauder  
  53  8:05  SCV  
  54  8:09  SCV  
  55  8:17  SCV  
  55  8:19  Marine  
  57  8:21  SCV  
  58  8:29  SCV  
  58  8:33  SCV  
  60  8:37  Reaper  
  60  8:38  Supply Depot  
  61  8:41  SCV  
  61  8:45  SCV  
  63  9:09  Reaper  
  64  9:41  Marine  
  65  10:29  Widow Mine  
  65  10:30  Command Center, Medivac  
  65  10:32  Engineering Bay  
  65  10:34  Supply Depot  
  69  10:58  Armory, Widow Mine  
  69  10:59  Terran Infantry Weapons Level 1, Medivac  
  69  11:00  Supply Depot  
  55  11:11  Marine  
  56  11:29  Raven, Marine  
  59  11:38  Factory Tech Lab  
  59  11:42  SCV  
  59  11:47  SCV, Marine  
  61  11:51  SCV, Refinery  
  63  11:56  Siege Tank, Refinery  
  66  12:08  Marine  
  66  12:12  Raven  
  69  12:26  Marine  
  70  12:34  Thor  
  76  12:47  Marine  
  77  12:53  Terran Infantry Armor Level 1  
  77  12:55  Raven  
  79  14:46  Hellion  
  79  14:47  Terran Infantry Weapons Level 2, Terran Vehicle Weapons Level 1  
  81  14:53  Marine  
  81  14:58  Supply Depot  
  79  15:05  SCV  
  64  15:08  Hellion  
  64  15:11  SCV, Marine  
  64  15:13  Raven  
  56  15:17  SCV  
  38  15:22  Command Center  
  38  15:23  SCV  
  39  15:29  SCV, Marine  
  39  15:30  Siege Tank  
  39  15:35  SCV  
  45  15:41  SCV  
  46  15:46  Marine  
  46  15:47  SCV  
  47  15:53  SCV  
  47  15:56  Medivac  
  49  15:59  SCV  
  49  16:02  Hellion  
  52  16:04  Marine  
  52  16:05  SCV  
  52  16:10  Command Center  
  53  16:11  SCV  
  53  16:17  SCV  
  55  16:20  Refinery  
  55  16:22  Marine  
  55  16:24  Siege Tank  
  58  16:26  Medivac  
  60  16:39  SCV  
  58  16:40  Marine  
  58  16:43  SCV  
  59  16:51  SCV  
  58  16:56  Siege Tank, Raven  
  58  16:58  Marine  
  58  17:15  Marine  
  37  17:49  Command Center  
Tags
 
Add a new tag
Caveats
  • Supply blocks, unpowered buildings, or Contaminate may cause inaccurate times.
  • Supply counts are checked every 10 seconds.